 Dungeon Crawl Stone Soup version 0.28-a0-616-gdeb3d7f7b4 (webtiles) character file.

Game seed: 6675531434066730008

2718 Conn the Firebug (level 9, -5/52 HPs)
             Began as an Octopode Fire Elementalist on Oct 6, 2021.
             Was a Follower of Sif Muna.
             Killed by an exploding kobold (41 damage)
             ... ignited by their inner flame
             ... on level 8 of the Dungeon.
             The game lasted 00:33:44 (10479 turns).

Conn the Firebug (Octopode Fire Elementalist)      Turns: 10479, Time: 00:33:50

Health: -5/52      AC:  1    Str:  7 (8)  XL:     9   Next: 66%
Magic:  20/26      EV: 14    Int: 19 (20) God:    Sif Muna [*.....]
Gold:   423        SH:  0    Dex: 12      Spells: 3/18 levels left

rFire   . . .      SeeInvis .   a - staff of conjuration
rCold   . . .      Faith    .   (no shield)
rNeg    . . .      Spirit   .   h - +0 hat
rPois   +          Reflect  .   (no amulet)
rElec   .          Harm     .   n - ring of poison resistance
rCorr   .          Rampage  .   d - ring of willpower
Will    +....                   D - ring of flight
Stlth   ++++......              C - ring of magical power
HPRegen 0.17/turn               (no ring)
MPRegen 0.20/turn               (no ring)
                                (no ring)
                                (no ring)

@: flying, very slightly contaminated
A: almost no armour, amphibious, 8 rings, camouflage 1, gelatinous body 1,
(nimble swimmer 1), tentacles
a: Renounce Religion, Channel Magic


You were on level 8 of the Dungeon.
You worshipped Sif Muna.
Sif Muna was aware of your devotion.
You visited 1 branch of the dungeon, and saw 8 of its levels.
You also visited: Sewer and Ossuary.

You collected 423 gold pieces.

Inventory:

Hand Weapons
 b - a +0 short sword of electrocution
 c - a +0 dagger
 e - a +0 short sword
 j - a +0 vorpal spear
 t - a +4 hunting sling
Missiles
 k - 4 atropa-tipped darts
 o - 18 poisoned darts (quivered)
 s - a throwing net
Armour
 h - a +0 hat (worn)
 F - a +0 kite shield
Magical Staves
 a - a staff of conjuration (weapon)
Jewellery
 d - a ring of willpower (right tentacle)
 n - a ring of poison resistance (left tentacle)
 p - a ring of ice
 C - a ring of magical power (on tentacle)
 D - a ring of flight (on tentacle)
Wands
 E - a wand of acid (9)
 H - a wand of flame (12)
Scrolls
 f - a scroll of blinking
 g - a scroll of teleportation
 l - 2 scrolls of amnesia
 u - a scroll of immolation
Potions
 i - 4 potions of heal wounds
 m - a potion of haste
 q - a potion of berserk rage
 r - 2 potions of ambrosia
 v - a potion of cancellation {unknown}
 w - a potion of lignification
 x - a potion of attraction
 y - a potion of curing
 z - 2 potions of invisibility
 A - a potion of magic
 B - a potion of mutation


   Skills:
 + Level 0.7 Fighting
 + Level 1.5 Short Blades
 + Level 1.0 Polearms
 + Level 1.1 Throwing
 * Level 3.7 Dodging
 + Level 6.4 Stealth
 + Level 5.4 Spellcasting
 * Level 5.7 Conjurations
 + Level 1.2 Hexes
 + Level 3.1 Translocations
 * Level 6.6 Fire Magic
 * Level 4.0 Invocations


You had 3 spell levels left.
You knew the following spells:

 Your Spells              Type           Power      Damage    Failure   Level
a - Foxfire               Conj/Fire      100%       2x1d9     1%          1
b - Conjure Flame         Conj/Fire      43%        6-21      2%          3
c - Inner Flame           Hex/Fire       20%        N/A       7%          3
d - Flame Wave            Conj/Fire      43%        3d9       10%         4
e - Blink                 Tloc           N/A        N/A       4%          2
f - Scorch                Fire           60%        2d8       1%          2

Your spell library contained the following spells:

 Spells                   Type           Power      Damage    Failure   Level
 Magic Dart               Conj           100%       1d8       1%          1
 Searing Ray              Conj           80%        2d7       1%          2
 Shock                    Conj/Air       96%        1d9       3%          1
 Lesser Beckoning         Tloc           17%        N/A       10%         3
 Slow                     Hex            10%        N/A       11%         2
 Animate Skeleton         Necr           10%        N/A       12%         1
 Freeze                   Ice            20%        1d4       12%         1
 Pain                     Necr           20%        1d5       12%         1
 Sandblast                Erth           10%        2d5       12%         1
 Confusing Touch          Hex            10%        N/A       22%         3
 Vampiric Draining        Necr           2%         2d6       34%         3
 Fulminant Prism          Conj/Hex       13%        3d9       28%         4
 Passage of Golubria      Tloc           N/A        N/A       32%         4
 Cause Fear               Hex            5%         N/A       56%         4
 Manifold Assault         Tloc           17%        N/A       65%         5
 Silence                  Hex/Air        3%         N/A       94%         5
 Agony                    Necr           5%         N/A       97%         5
 Excruciating Wounds      Necr           2%         N/A       97%         5
 Discord                  Hex            5%         N/A       100%        8
 Lehudib's Crystal Spear  Conj/Erth      12%        10d4      100%        8


Dungeon Overview and Level Annotations

Branches:
Dungeon (8/15)             Temple (0/1) D:7           Sewer (visited)
Ossuary (visited)
   Lair: D:8-11

Altars:
Elyvilon
Fedhas
Sif Muna
Trog
Uskayaw
Wu Jian
The Shining One

Shops:
D:3 (

Annotations:
D:3 1 runed translucent door, Heedrag's ghost, amateur DsIE


Innate Abilities, Weirdness & Mutations

You cannot wear most types of armour.
You are amphibious.
You can wear up to eight rings at the same time.
Your skin changes colour to match your surroundings (Stealth+).
Your rubbery body absorbs attacks. (AC +1, EV +1)
((You are camouflaged near water. (Stealth+)))
You have tentacles for arms and can constrict up to eight enemies at once.


Message History

Your foxfire dissipates!
A kobold comes into view.
It is wielding a +0 whip and quivering poisoned darts.
The kobold shouts!
You hear a shout! x2
A kobold comes into view. It is wielding a +0 dagger.
The kobold shouts!
You hear a shout! x3
The kobold barely misses you.
A kobold comes into view. It is wielding a +0 dagger.
Casting: Foxfire (safe; 1% risk of failure)
Confirm with . or Enter, or press ? or * to list all spells.
Aiming: Inner Flame (dangerous; 7% risk of failure)
Press: ? - help, Shift-Dir - straight line, f - kobold
Aim: a kobold, wielding a +0 dagger (chance to affect: 88%)
You miscast Inner Flame.
You are very lightly contaminated with residual magic.
Nothing appears to happen.
The kobold hits you with a +0 dagger.
Unknown command.
Casting: Inner Flame (dangerous; 7% risk of failure)
Confirm with . or Enter, or press ? or * to list all spells.
Aiming: Inner Flame (dangerous; 7% risk of failure)
Press: ? - help, Shift-Dir - straight line, f/p - kobold
Aim: a kobold, wielding a +0 dagger (chance to affect: 88%)
The kobold is filled with an inner flame.
The kobold misses you.
Unknown command.
Casting: Inner Flame (dangerous; 7% risk of failure)
Confirm with . or Enter, or press ? or * to list all spells.
Okay, then.
Casting: Inner Flame (dangerous; 7% risk of failure)
Confirm with . or Enter, or press ? or * to list all spells.
You feel a surge of power!
You conjure some foxfire!
The steam dragon breathes steam at you.
The ball of steam hits the kobold!
The kobold dies!
The ball of steam hits the kobold!!
The ball of steam hits you! The ball of steam hits your foxfire.
Your foxfire resists.
The kobold explodes!
The fiery explosion engulfs you!!!
Ouch! That really hurt!
You die...

..#######
#.....vv# #@#
#§# #§# #.#
#.# #D# #K# .K
#####.###....
##............


There were no monsters in sight!

Vanquished Creatures
  A hornet (D:8)
  Sigmund (D:2)
  2 water moccasins
  2 orc warriors
  Purgy (Sewer)
  2 sky beasts
  An ice beast (D:5)
  3 ogres
  A necrophage (D:6)
  A centaur (D:6)
  A phantom (D:4)
  A kobold brigand (D:8)
  A bullfrog (D:7)
  2 wyvern zombies (D:8)
  A scorpion (D:7)
  A howler monkey (D:6)
  A centaur zombie (D:8)
  2 hounds
  An orc priest (D:6)
  2 centaur skeletons
  2 bullfrog skeletons
  An iguana (D:5)
  6 orc wizards
  A hound zombie (D:5)
  A hound skeleton (D:4)
  A howler monkey zombie (D:7)
  A mummy (Ossuary)
  A howler monkey skeleton (D:5)
  4 gnolls (D:4)
  5 adders
  A shadow imp (D:8)
  A white imp (D:7)
  3 ufetubi
  2 adder skeletons
  3 worms
  4 dart slugs
  18 orcs
  2 spectral bats (Ossuary)
  7 endoplasms
  9 giant cockroaches
  4 goblins
  5 hobgoblins
  5 jackals
  6 kobolds
  10 quokkas
  6 ball pythons
  14 bats
  4 bat simulacra (Ossuary)
  8 frilled lizards
  12 gnoll zombies (Ossuary)
  3 goblin simulacra (Ossuary)
  6 goblin zombies (Ossuary)
  5 hobgoblin zombies (Ossuary)
  2 kobold simulacra (Ossuary)
  4 kobold zombies (Ossuary)
  3 orc zombies (Ossuary)
  6 rats
  4 rat simulacra (Ossuary)
  2 spectral goblins (Ossuary)
  2 spectral kobolds (Ossuary)
  4 spectral rats (Ossuary)
216 creatures vanquished.

Vanquished Creatures (collateral kills)
  A foxfire (D:3)
1 creature vanquished.

Vanquished Creatures (others)
  An orc (D:8)
  2 kobolds (D:8)
  671 foxfires
674 creatures vanquished.

Grand Total: 891 creatures vanquished

Notes
Turn   | Place    | Note
-------+----------+-------------------------------------------
     0 | D:1      | Conn the Octopode Fire Elementalist began the quest for the
                  | Orb.
     0 | D:1      | Reached XP level 1. HP: 11/11 MP: 3/3
   203 | D:1      | Reached XP level 2. HP: 17/17 MP: 1/5
   565 | D:1      | Reached XP level 3. HP: 18/21 MP: 6/6
   861 | D:1      | Learned a level 3 spell: Conjure Flame
   864 | D:1      | Learned a level 2 spell: Blink
  1150 | D:2      | Noticed Sigmund
  1572 | D:2      | Got Hermeneutics, Part One
  1862 | D:2      | HP: 1/21 [something/puff of flame (13)]
  2172 | D:2      | Killed Sigmund
  2173 | D:2      | Reached skill level 1 in Translocations
  2173 | D:2      | Reached XP level 4. HP: 27/27 MP: 3/8
  2173 | D:2      | Reached XP level 5. HP: 31/31 MP: 3/9
  2531 | D:2      | Reached XP level 6. HP: 34/36 MP: 10/10
  2813 | D:3      | Found a runed translucent door.
  2837 | D:3      | Noticed Heedrag's ghost (amateur DsIE)
  2843 | D:3      | Learned a level 3 spell: Inner Flame
  2971 | D:3      | Found a glowing drain.
  2979 | Sewer    | Entered a sewer
  3029 | Sewer    | Noticed Purgy
  3092 | Sewer    | Killed Purgy
  3093 | Sewer    | Reached skill level 1 in Polearms
  3414 | D:3      | Found a white marble altar of Elyvilon.
  3839 | D:3      | Found Jannoala's Weapon Shoppe.
  3909 | D:4      | Noticed a water moccasin
  3916 | D:4      | Killed a water moccasin
  3917 | D:4      | Reached skill level 1 in Throwing
  3917 | D:4      | Reached XP level 7. HP: 37/41 MP: 6/12
  4176 | D:4      | HP: 1/41 [gnoll (13)]
  4277 | D:4      | Found a sand-covered staircase.
  4281 | Ossuary  | Entered an ossuary
  4429 | Ossuary  | Learned a level 2 spell: Scorch
  5428 | D:4      | Reached skill level 5 in Stealth
  6163 | D:4      | Reached skill level 1 in Short Blades
  6163 | D:4      | Reached XP level 8. HP: 47/47 MP: 7/14
  6242 | D:5      | Entered Level 5 of the Dungeon
  6361 | D:5      | Found a shimmering blue altar of Sif Muna.
  6368 | D:5      | Became a worshipper of Sif Muna the Loreminder
  6374 | D:5      | Reached skill level 1 in Invocations
  6411 | D:5      | Got Sif Muna's Compendium of the Snowflakes
  6420 | D:5      | Learned a level 4 spell: Flame Wave
  6742 | D:5      | Reached skill level 5 in Fire Magic
  7105 | D:5      | Found a hide-covered altar of Uskayaw.
  7342 | D:5      | Found a glowing golden altar of the Shining One.
  7792 | D:6      | Found an ornate altar of the Wu Jian Council.
  7997 | D:6      | Found a bloodstained altar of Trog.
  8018 | D:6      | Found a blossoming altar of Fedhas.
  8031 | D:6      | Reached skill level 5 in Spellcasting
  8031 | D:6      | Reached skill level 5 in Conjurations
  8031 | D:6      | Reached XP level 9. HP: 47/52 MP: 6/16
  8141 | D:6      | You are sucked into a shaft and drop 1 floor!
  8174 | D:7      | Reached * piety under Sif Muna
  9018 | D:7      | Found a staircase to the Ecumenical Temple.
  9721 | D:7      | Reached skill level 1 in Hexes
 10055 | D:8      | Noticed a hornet
 10060 | D:8      | Killed a hornet
 10479 | D:8      | Killed by an exploding kobold... ignited by their inner
                  | flame

Illustrated notes

Levels and vault maps discovered:
D:1:      lordsloth_arrival_two_stooges, layout_basic
D:2:      layout_basic, st_stairs_1, uniq_sigmund
D:3:      layout_basic, nicolae_elyvilon_peaceful_grove, ebering_ghost_sewer_d,
          portal_sewer_entry_f, serial_shops, nicolae_lakefront_shop,
          kennysheep_another_room, chequers_serial_rivers_marsh,
          dk_noncrumbling_2, grunt_ministairs_1, kennysheep_generic_room_15
D:4:      layout_loops_corners, enter_ossuary_5
D:5:      layout_cave_pods, mainiacjoe_overflow_tiny_flanked, led_sif_book,
          nicolae_uskayaw_suspiria, lemuel_old_faithful
D:6:      layout_basic, mainiacjoe_overflow_catwalk, lemuel_crystal_altar,
          mainiacjoe_overflow_surrounded_room
D:7:      layout_basic, minmay_temple_entry_gardened_gates,
          nicolae_underground_beach
D:8:      layout_loops_ring, nicolae_yredelemnul_corpse_copse, minmay_bent

Skill      XL: |  1  2  3  4  5  6  7  8  9 |
---------------+----------------------------+-----
Stealth        | 3 4 5 6 |  6.4
Spellcasting   | 3 4 5 |  5.4
Translocations | 1 2 3 |  3.1
Conjurations   | 2 3 5 |  5.7
Polearms       | 1 |  1.0
Fire Magic     | 4 5 6 |  6.6
Throwing       | 1 |  1.1
Short Blades   | 1 |  1.5
Invocations    | 2 4 |  4.0
Dodging        | 3 |  3.7
Hexes          | 1 |  1.2
Fighting       | |  0.7

Action                   |  1- 3 |  4- 6 |  7- 9 || total
-------------------------+-------+-------+-------++-------
Melee: Dagger            |     3 |       |       ||     3
       Constrict         |     5 |     4 |    11 ||    20
       Short sword       |    11 |     8 |    44 ||    63
       Tentacles         |     1 |     1 |     7 ||     9
       Spear             |    13 |     6 |       ||    19
       Staff             |       |       |     3 ||     3
Throw: Dart              |     6 |    12 |       ||    18
 Cast: Foxfire           |    66 |    72 |   251 ||   389
       Inner Flame       |       |     1 |    15 ||    16
       Conjure Flame     |       |     1 |     5 ||     6
       Blink             |       |       |     1 ||     1
       Flame Wave        |       |       |     1 ||     1
       Scorch            |       |       |     1 ||     1
Evoke: Wand              |       |       |     1 ||     1
  Use: Potion            |     2 |     1 |     7 ||    10
       Scroll            |     2 |       |    10 ||    12
 Stab: Sleeping          |     4 |     2 |    14 ||    20
Armor: Skin              |     1 |     3 |     3 ||     7
Dodge: Dodged            |    21 |    11 |    32 ||    64

Table legend: (Time is in decaauts)
 A = Elapsed time spent in this place.
 B = Non-inter-level travel time spent in this place.
 C = Inter-level travel time spent in this place.
 D = Time resting spent in this place.
 E = Time spent auto-exploring this place.
 F = Levels seen in this place.
 G = Mean time per level.
                   A        B        C        D        E       F      G
               +--------+--------+--------+--------+--------+-----+--------+
         Total |  10463 |  10193 |    270 |   1474 |   6054 |  10 | 1046.3 |
       Dungeon |   9112 |   8842 |    270 |    872 |   5870 |   8 | 1139.0 |
         Sewer |    208 |    208 |      0 |      0 |     76 |   1 |  208.0 |
       Ossuary |   1141 |   1141 |      0 |    602 |    108 |   1 | 1141.0 |
               +--------+--------+--------+--------+--------+-----+--------+

Top non-repeatable levels by time:
     D:2: 1636 daAuts
     D:6: 1334 daAuts
     D:5: 1332 daAuts
     D:7: 1270 daAuts
     D:4: 1226 daAuts
 Ossuary: 1141 daAuts
     D:3: 1043 daAuts
     D:1: 969 daAuts
     D:8: 300 daAuts
   Sewer: 208 daAuts
